 Dungeon Crawl Stone Soup version 0.28.0-53-g5a82cb258f (webtiles) character file.

Game seed: 7202299839519977613

2 shadowstone the Conjurer (level 1, -1/10 HPs)
             Began as a Tengu Conjurer on June 5, 2022.
             Succumbed to an adder's poison
             ... on level 2 of the Dungeon.
             The game lasted 00:01:39 (446 turns).

shadowstone the Conjurer (Tengu Conjurer)            Turns: 446, Time: 00:01:40

Health: -1/10      AC:  2    Str:  7    XL:     1   Next: 40%
Magic:  4/4        EV: 12    Int: 18    God:
Gold:   29         SH:  0    Dex: 12    Spells: 3/4 levels left

rFire   . . .      SeeInvis .   (no weapon)
rCold   + . .      Faith    .   (no shield)
rNeg    . . .      Spirit   .   a - +0 robe
rPois   .          Reflect  .   (helmet restricted)
rElec   .          Harm     .   (no cloak)
rCorr   .          Rampage  .   (no gloves)
Will    .....                   (boots unavailable)
Stlth   ++........              (no amulet)
HPRegen 0.03/turn               c - ring of protection from cold
MPRegen 0.09/turn               (no ring)

@: lethally poisoned (-1 -> -9)
A: beak, talons 3
a: no special abilities


You were on level 2 of the Dungeon.
You visited 1 branch of the dungeon, and saw 2 of its levels.

You collected 29 gold pieces.

Inventory:

Missiles
 b - 13 arrows
Armour
 a - a +0 robe (worn)
Jewellery
 c - a ring of protection from cold (left hand)
Scrolls
 e - a scroll of enchant weapon {unknown}
 f - a scroll of identify {unknown}
Potions
 d - a potion of brilliance {unknown}


   Skills:
 + Level 2.1 Dodging
 + Level 2.0 Stealth
 + Level 2.0 Spellcasting
 + Level 5.5 Conjurations


You had 3 spell levels left.
You knew the following spells:

 Your Spells              Type           Power      Damage    Failure   Level
a - Magic Dart            Conj           84%        1d7       1%          1

Your spell library contained the following spells:

 Spells                   Type           Power      Damage    Failure   Level
 Searing Ray              Conj           42%        2d6       2%          2
 Dazzling Flash           Conj/Hex       22%        N/A       17%         3
 Fulminant Prism          Conj/Hex       5%         3d7       50%         4
 Iskenderun's Mystic Bla  Conj/Tloc      11%        2d4       50%         4


Dungeon Overview and Level Annotations

Branches:
Dungeon (2/15)

Altars:


Innate Abilities, Weirdness & Mutations

You have a beak for a mouth.
You have claws for feet.


Message History

Found a scroll labelled FISMAM JADELIT.
There is a stone staircase leading up here.
The bat hits you but does no damage.
You miss the bat. Your kick misses the bat. The bat barely misses you.
The bat closely misses you.
You see here a scroll labelled FISMAM JADELIT.
You hit the bat but do no damage. The bat hits you but does no damage.
You hit the bat but do no damage. Your kick misses the bat.
The bat barely misses you. The bat hits you.
The bat hits you but does no damage. The bat hits you but does no damage.
You enter the shallow water.
Moving in this stuff is going to be slow.
The bat hits you but does no damage. Why would you want to do that?
Your unstable footing causes you to fumble your attack.
The bat hits you. The bat hits you but does no damage. x2
A worm comes into view.
The bat hits you but does no damage. The bat hits you.
The bat hits you but does no damage.
An adder comes into view.
The bat closely misses you.
You barely miss the bat. The bat closely misses you.
You enter the shallow water.
Moving in this stuff is going to be slow.
The bat hits you but does no damage. x2; The bat hits you.
The bat barely misses you. The bat hits you. The bat barely misses you.
The bat closely misses you. The bat barely misses you. The bat hits you.
* * * LOW HITPOINT WARNING * * *
You hit the bat. Your kick misses the bat.
The bat is moderately wounded.
The bat closely misses you. The adder misses you. The adder bites you.
* * * LOW HITPOINT WARNING * * *
You are lethally poisoned!
The adder poisons you!
You die...

#####..# ......###.#
.# #.#...##.# ..#
#......#.#####..#
##...?...........#
#..<......#.#..#.#
#................#
#.........#b....#
#≈≈≈≈≈≈≈..@#8..8#
≈≈≈≈≈≈≈≈≈≈≈S≈#8..8#
≈≈≈≈≈≈≈≈≈≈≈≈≈≈≈..≈#
≈≈≈≈≈≈≈≈≈≈≈≈≈≈≈≈..≈≈≈
≈≈≈≈≈≈###≈≈≈w≈≈≈..≈≈≈
≈≈### ###.≈≈≈≈..≈≈≈
## #.###≈..≈≈≈ #.#
8..8≈≈ #. 8..8##


You could see a worm, an adder and a bat.

Vanquished Creatures
  A kobold (D:1)
  A quokka (D:1)
2 creatures vanquished.

Notes
Turn   | Place    | Note
-------+----------+-------------------------------------------
     0 | D:1      | shadowstone the Tengu Conjurer began the quest for the Orb.
     0 | D:1      | Reached XP level 1. HP: 10/10 MP: 4/4
   446 | D:2      | Succumbed to an adder's poison

Illustrated notes

Levels and vault maps discovered:
D:1:      elethiomel_arrival_quiet, layout_loops_ring
D:2:      wander_river, layout_loops_ring, corexii_shack, eino_tiny_chamber,
          minivault_27, minmay_curled_crystal

Action                   || total
-------------------------++-------
Melee: Unarmed           ||    16
       Peck              ||     2
       Kick              ||     1
Armor: Robe              ||    11
Dodge: Dodged            ||    17
